 Dungeon Crawl Stone Soup version 0.30-a0-1116-gebefce21f7 (webtiles) character file.

Game seed: 3456436914259465764

3219 BigDaddyOpFi the Cleaver (level 9, -9/83 HPs)
             Began as a Hill Orc Fighter on Apr 21, 2023.
             Killed from afar by an oklob plant (30 damage)
             ... with a splash of acid
             ... on level 7 of the Dungeon.
             The game lasted 00:06:59 (7420 turns).

BigDaddyOpFi the Cleaver (Hill Orc Fighter)         Turns: 7420, Time: 00:07:00

Health: -9/83      AC:  0    Str: 23    XL:     9   Next: 97%
Magic:  9/9        EV:  8    Int:  8    God:
Gold:   470        SH:  6    Dex: 10    Spells: 8/8 levels left

rFire   . . .      SeeInvis .    a - +2 war axe
rCold   . . .      Faith    .    c - +1 buckler
rNeg    . . .      Spirit   .    q - +0 chain mail
rPois   .          Reflect  .    t - +0 helmet
rElec   .          Rampage  .    (no cloak)
rCorr   .                        (no gloves)
Will    .....                    (no boots) Stlth
                                 n - amulet of the acrobat
HPRegen 0.33/turn                (no ring)
MPRegen 0.11/turn                (no ring)

@: corroded
A: no striking features
a: no special abilities


You were on level 7 of the Dungeon.
You visited 2 branches of the dungeon, and saw 8 of its levels.

You collected 470 gold pieces.

Inventory:

Hand Weapons
 a - a +2 war axe (weapon)
 j - a +0 morningstar
 p - the +5 dagger "Tormentor" {pain, rPois rF- Int+2 Dex+2}
   (You found it on level 4 of the Dungeon)

   Int:       It affects your intelligence (+2).
   Dex:       It affects your dexterity (+2).
   rF:        It makes you vulnerable to fire.
   rPois:     It protects you from poison.
Missiles
 e - a throwing net (quivered)
Armour
 c - a +1 buckler (worn)
 q - a +0 chain mail (worn)
 t - a +0 helmet (worn)
Magical Staves
 f - the staff of earth "Ofebut" {rF- Str+3 Dex+5}
   (You found it on level 5 of the Dungeon)

   [staff of earth]

   Base accuracy: +5 Base damage: 5 Base attack delay: 1.2 This weapon's minimum
   attack delay (0.6) is reached at skill level 12.
   Str:       It affects your strength (+3).
   Dex:       It affects your dexterity (+5).
   rF:        It makes you vulnerable to fire.
   It falls into the 'Staves' category.
   It is a one-handed weapon.
Jewellery
 n - an amulet of the acrobat (around neck)
Wands
 b - a wand of paralysis (11)
 u - a wand of polymorph (2)
 y - a wand of iceblast (9)
Scrolls
 l - a scroll of vulnerability
 m - a scroll of amnesia
 s - a scroll of silence
Potions
 g - a potion of cancellation
 h - a potion of lignification {unknown}
 i - 3 potions of ambrosia
 o - 3 potions of attraction
 r - 3 potions of mutation
 v - a potion of flight {unknown}
 x - a potion of resistance


   Skills:
 + Level 9.0 Fighting
 + Level 9.3 Axes
 + Level 8.2 Armour
 + Level 8.2 Shields


You had 8 spell levels left.
You didn't know any spells.
Your spell library contained the following spells:

 Spells                   Type           Power      Damage    Failure   Level
 Freeze                   Ice            0%         1d3       95%         1
 Necrotise                Necr           0%         1d4       95%         1
 Frozen Ramparts          Ice            0%         1d1       100%        3
 Hailstorm                Conj/Ice       0%         3d3       100%        3
 Vampiric Draining        Necr           0%         2d6       100%        3
 Olgreb's Toxic Radiance  Pois           0%         N/A       100%        4
 Summon Ice Beast         Ice/Summ       0%         N/A       100%        4
 Agony                    Necr           0%         N/A       100%        5
 Summon Mana Viper        Hex/Summ       0%         N/A       100%        5
 Monstrous Menagerie      Summ           0%         N/A       100%        7
 Discord                  Hex            0%         N/A       100%        8
 Ignition                 Fire           0%         3d3       100%        8


Dungeon Overview and Level Annotations

Branches:
Dungeon (7/15)             Temple (1/1) D:6

Altars:
Ashenzari
Cheibriados
Dithmenos
Elyvilon
Fedhas
Gozag
Hepliaklqana
Kikubaaqudgha
Makhleb
Nemelex Xobeh
Okawaru
Qazlal
Ru
Sif Muna
Trog
Uskayaw
Wu Jian
Xom
Yredelemnul
Zin
The Shining One

Annotations:
D:7 exclusion: oklob plant


Message History

The splash of acid hits you! The acid corrodes you!
You hit the oklob plant.
The oklob plant is moderately damaged.
You hit the bush.
You hit the oklob plant but do no damage.
The oklob plant is moderately damaged.
You hit the bush but do no damage. You slash the oklob plant!
The oklob plant is heavily damaged.
You hit the bush.
You hit the oklob plant but do no damage.
The oklob plant is heavily damaged.
You hit the bush but do no damage. The oklob plant spits acid at you.
The splash of acid hits you!! The acid corrodes you!
You hit the oklob plant but do no damage.
The oklob plant is heavily damaged.
You hit the bush. You slash the oklob plant!
The oklob plant is severely damaged.
You hit the bush but do no damage.
You hit the oklob plant but do no damage.
The oklob plant is severely damaged.
You hit the bush. You slash the oklob plant!
The oklob plant is almost destroyed.
You hit the bush but do no damage. You hit the oklob plant.
The oklob plant is almost destroyed.
You hit the bush. The oklob plant spits acid at you.
The splash of acid hits you!!
* * * LOW HITPOINT WARNING * * *
The acid corrodes you!
You hit the oklob plant.
The oklob plant is almost destroyed.
You hit the bush but do no damage. The oklob plant spits acid at you.
The splash of acid hits you!!
You die...

#.##..#..###### #
#..........†
#.##.#####.# .....>#
#.# #.#.#..# #.# # #
#.. #.#
#####################
#PP..P#P...###PPPPP#P
#PPP@##....P.#P#PP#P.
##P.....#...P...#P#P#
#....P.....#.P.P.P..
#PPPP.P..........##.P
##P.P.P..~~.~~..P^..#
#P......~~~.~≈~..P#.P
#......≈≈≈~.≈≈~~...#.
##P#..~≈≈≈~.~≈≈≈~..PP
#..~≈≈~...≈≈≈~...P


You could see an oklob plant.

Vanquished Creatures
  Pikel (D:5)
  A hornet (D:7)
  Prince Ribbit (D:7)
  A steam dragon (D:7)
  Menkaure (D:7)
  Duvessa (D:4)
  3 water moccasins
  2 ice beasts
  A black bear (D:7)
  2 centaurs
  3 ogres
  2 lemures (D:5)
  A phantom (D:4)
  A kobold brigand (D:7)
  2 bullfrogs
  3 scorpions
  Dowan (D:4)
  A howler monkey (D:6)
  2 hounds (D:5)
  2 sleepcaps
  Ijyb (D:5)
  Natasha (thrice) (D:4)
  3 iguanas
  A hound zombie (D:4)
  A spectral hound (D:4)
  4 gnolls (D:7)
  5 adders
  A white imp (D:7)
  An ufetubus (D:7)
  An adder zombie (D:4)
  An adder skeleton (D:4)
  4 worms
  2 dart slugs
  An adder simulacrum (D:4)
  7 orcs
  4 bats (D:1)
  3 endoplasms
  6 giant cockroaches
  6 goblins
  7 hobgoblins
  2 quokkas
  7 ball pythons
  2 frilled lizards (D:1)
  11 kobolds
  A quokka skeleton (D:4)
  5 rats
122 creatures vanquished.

Vanquished Creatures (others)
  2 bushes (D:7)
  19 fungi (D:7)
  50 plants (D:7)
  14 withered plants (D:4)
85 creatures vanquished.

Grand Total: 207 creatures vanquished

Notes
Turn   | Place    | Note
-------+----------+-------------------------------------------
     0 | D:1      | BigDaddyOpFi the Hill Orc Fighter began the quest for the
                  | Orb.
     0 | D:1      | Reached XP level 1. HP: 19/19 MP: 1/1
    53 | D:1      | Reached XP level 2. HP: 27/27 MP: 2/2
   517 | D:1      | Reached XP level 3. HP: 33/33 MP: 3/3
  1106 | D:2      | Found a glowing silver altar of Zin.
  1358 | D:3      | Reached XP level 4. HP: 34/40 MP: 4/4
  2375 | D:4      | Found a broken altar of Ashenzari.
  2377 | D:4      | Noticed a phantom
  2386 | D:4      | Noticed an ogre
  2390 | D:4      | Killed a phantom
  2391 | D:4      | Reached XP level 5. HP: 35/47 MP: 5/5
  2394 | D:4      | Killed an ogre
  2395 | D:4      | Reached skill level 5 in Fighting
  2395 | D:4      | Reached XP level 6. HP: 44/56 MP: 6/6
  2702 | D:4      | Found a shadowy altar of Dithmenos.
  2896 | D:4      | Noticed Dowan
  2897 | D:4      | Noticed Duvessa
  2912 | D:4      | Killed Dowan
  2912 | D:4      | Killed Duvessa
  2913 | D:4      | Reached skill level 5 in Axes
  2913 | D:4      | Reached skill level 5 in Armour
  2913 | D:4      | Reached skill level 5 in Shields
  2913 | D:4      | Reached XP level 7. HP: 23/61 MP: 7/7
  3215 | D:4      | Noticed Natasha
  3226 | D:4      | Killed Natasha
  3511 | D:4      | Identified the +5 dagger "Tormentor" {pain, rPois rF- Int+2
                  | Dex+2}
  3541 | D:4      | Noticed Natasha
  3558 | D:4      | Killed Natasha
  3592 | D:4      | Noticed Natasha
  3599 | D:4      | Killed Natasha
  3672 | D:5      | Entered Level 5 of the Dungeon
  3838 | D:5      | Identified the staff of earth "Ofebut" {rF- Str+3 Dex+5}
  4042 | D:5      | Reached XP level 8. HP: 45/71 MP: 8/8
  4372 | D:5      | Found a shimmering altar of Xom.
  4373 | D:5      | Found a shimmering altar of Xom.
  4378 | D:5      | Found a shimmering altar of Xom.
  4378 | D:5      | Found a shimmering altar of Xom.
  4379 | D:5      | Found a shimmering altar of Xom.
  4382 | D:5      | Found a shimmering altar of Xom.
  4443 | D:5      | Noticed Pikel
  4469 | D:5      | Killed Pikel
  4834 | D:5      | Noticed Ijyb
  4840 | D:5      | Killed Ijyb
  4870 | D:5      | Reached XP level 9. HP: 77/79 MP: 9/9
  5408 | D:6      | Found an opulent altar of Gozag.
  5409 | D:6      | Found a glowing silver altar of Zin.
  5495 | D:6      | Found a staircase to the Ecumenical Temple.
  5523 | Temple   | Entered the Ecumenical Temple
  6155 | D:7      | Found an iron altar of Okawaru.
  6198 | D:7      | Noticed Prince Ribbit
  6215 | D:7      | Killed Prince Ribbit
  6312 | D:7      | HP: 4/81 [something (7)]
  6762 | D:7      | Noticed a hornet
  6770 | D:7      | Paralysed by a hornet for 3 turns
  6790 | D:7      | Killed a hornet
  6992 | D:7      | Noticed Menkaure
  6997 | D:7      | Killed Menkaure
  7066 | D:7      | Found a stormy altar of Qazlal.
  7331 | D:7      | Found a blossoming altar of Fedhas.
  7360 | D:7      | Noticed an oklob plant
  7420 | D:7      | Killed from afar by an oklob plant

Illustrated notes

Levels and vault maps discovered:
D:1:      sevenhm_arrival_forest_fort_small_6, layout_loops_ring
D:2:      layout_basic, basic_altar, minmay_split_cup_small
D:3:      layout_basic, minmay_misc_feat_enclosed,
          chequers_serial_rivers_micro_c
D:4:      layout_rooms, mainiacjoe_overflow_tiny_flanked, amcnicky_altar_gilded,
          dilly_guarded_unrand_morg, uniq_duvessa
D:5:      layout_gridville, xom_redecorated, uniq_ijyb, uniq_pikel
D:6:      layout_rooms, grunt_temple_overflow_gold_and_silver,
          minmay_temple_entry_slanted, minmay_misc_feat_x,
          nicolae_kite_square_tiling_tiny
D:7:      layout_loops_ring, tgw_fedhas, grunt_qazlal_clouds,
          mainiacjoe_overflow_alcove_4, uniq_prince_ribbit1, uniq_menkaure
Temple:   oiseaux_autumnal_temple

Skill      XL: |  1  2  3  4  5  6  7  8  9 |
---------------+----------------------------+-----
Axes           | 3 4 5 6 7 9 |  9.3
Fighting       | 4 5 6 7 9 |  9.0
Armour         | 4 5 6 8 |  8.2
Shields        | 4 5 6 8 |  8.2

Action                     |  1- 3 |  4- 6 |  7- 9 || total
---------------------------+-------+-------+-------++-------
  Melee: War axe           |   107 |    82 |   289 ||   478
         Dagger            |       |       |    12 ||    12
    Use: Potion            |       |     3 |    10 ||    13
         Scroll            |       |     8 |     7 ||    15
 Armour: Scale mail        |    42 |    36 |    23 ||   101
         Chain mail        |       |       |   141 ||   141
  Dodge: Dodged            |    62 |    45 |   172 ||   279
  Block: Buckler           |    24 |    15 |   134 ||   173

Table legend: (Time is in decaauts)
 A = Elapsed time spent in this place.
 B = Non-inter-level travel time spent in this place.
 C = Inter-level travel time spent in this place.
 D = Time resting spent in this place.
 E = Time spent auto-exploring this place.
 F = Levels seen in this place.
 G = Mean time per level.
                   A        B        C        D        E       F      G
               +--------+--------+--------+--------+--------+-----+--------+
         Total |   7573 |   7313 |    260 |    815 |   5280 |   8 |  946.6 |
       Dungeon |   7301 |   7056 |    245 |    815 |   5048 |   7 | 1043.0 |
        Temple |    271 |    256 |     15 |      0 |    231 |   1 |  271.0 |
               +--------+--------+--------+--------+--------+-----+--------+

Top non-repeatable levels by time:
     D:5: 1421 daAuts
     D:4: 1341 daAuts
     D:7: 1300 daAuts
     D:3: 1065 daAuts
     D:6: 825 daAuts
     D:1: 673 daAuts
     D:2: 673 daAuts
  Temple: 271 daAuts
